 Dungeon Crawl Stone Soup version 0.29-a0-266-gf56f883ddd (webtiles) character file.

Game seed: 15411181492915455856

452 Colgate the Cleaver (level 6, 40/55 HPs)
             Began as a Deep Dwarf Fighter on Mar 6, 2022.
             Was a Follower of Dithmenos.
             Quit the game on level 4 of the Dungeon.
             The game lasted 00:11:12 (2755 turns).

Colgate the Cleaver (Deep Dwarf Fighter)            Turns: 2755, Time: 00:11:12

Health: 40/55      AC: 10    Str: 21    XL:     6   Next: 75%
Magic:  5/5        EV: 10    Int:  9    God:    Dithmenos [*.....]
Gold:   206        SH:  4    Dex: 12    Spells: 5/5 levels left

rFire   . . .      SeeInvis .   a - +0 war axe
rCold   + . .      Faith    .   c - +0 buckler
rNeg    . . .      Spirit   .   n - +2 ring mail {rC+}
rPois   .          Reflect  .   o - +0 helmet
rElec   .          Harm     .   l - +0 cloak
rCorr   .          Rampage  .   (no gloves)
Will    .....                   (no boots)
Stlth   +.........              (no amulet)
HPRegen 0.00/turn               (no ring)
MPRegen 0.09/turn               (no ring)

@: wreathed by umbra
A: damage resistance, heal wounds, sense surroundings 1, no regeneration
a: Heal Wounds, Renounce Religion


You were on level 4 of the Dungeon.
You worshipped Dithmenos.
Dithmenos was aware of your devotion.
You visited 1 branch of the dungeon, and saw 4 of its levels.

You collected 206 gold pieces.

Inventory:

Hand Weapons
 a - a +0 war axe (weapon)
 b - a +3 hunting sling
Armour
 c - a +0 buckler (worn)
 l - a +0 cloak (worn)
 n - a +2 ring mail of cold resistance (worn)
 o - a +0 helmet (worn)
Jewellery
 j - a ring of resist corrosion
 k - a ring of protection from fire
Wands
 d - a wand of acid (4) {@v1}
 h - a wand of mindburst (10)
 i - a wand of polymorph (1)
 p - a wand of digging (6) {@v3}
Scrolls
 e - a scroll of magic mapping {@r5}
 f - a scroll of teleportation {@r3}
 m - a scroll of vulnerability
 q - a scroll of enchant weapon {unknown}


   Skills:
 - Level 2.6 Fighting
 + Level 8.0 Axes
 - Level 3.2 Armour
 - Level 3.2 Shields
 - Level 1.1 Evocations


You had 5 spell levels left.
You didn't know any spells.
Your spell library contained the following spells:

 Spells                   Type           Power      Damage    Failure   Level
 Animate Skeleton         Necr           0%         N/A       65%         1
 Pain                     Necr           0%         1d4       65%         1
 Blink                    Tloc           0%         N/A       78%         2
 Vampiric Draining        Necr           0%         2d6       95%         3
 Manifold Assault         Tloc           0%         N/A       100%        5
 Storm Form               Tmut/Air       0%         N/A       100%        7


Dungeon Overview and Level Annotations

Branches:
Dungeon (4/15)
 Temple: D:4-7

Altars:
Dithmenos
Hepliaklqana
Yredelemnul


Innate Abilities, Weirdness & Mutations

You are resistant to damage.
You can heal yourself by infusing magical energy.
You passively map a small area around you.
You do not regenerate.


Message History

The magic dart hits you.
You closely miss Blork the orc.
Blork the orc hits you with a +6 quarterstaff.
Blork the orc barely misses you.
You barely miss Blork the orc. Blork the orc closely misses you.
Blork the orc looks braver for a moment.
You closely miss Blork the orc. Blork the orc closely misses you.
You hit Blork the orc.
Blork the orc hits you with a +6 quarterstaff!
Blork the orc hits you but does no damage.
You closely miss Blork the orc.
Blork the orc hits you with a +6 quarterstaff!
Blork the orc points at you and mumbles some strange words.
The magic dart hits you.
* * * LOW HITPOINT WARNING * * *
Your magical essence is drained by the effort!
You feel much better.
Blork the orc looks encouraged for a moment.
You completely miss Blork the orc.
Blork the orc begins to cast a cantrip, but forgets the words!
Blork the orc misses you.
You barely miss Blork the orc. Blork the orc completely misses you.
Blork the orc points at you and mumbles some strange words.
The puff of flame hits you but does no damage.
You slash Blork the orc!
You kill Blork the orc!
Your Axes skill increases to level 8!
Found a faded altar of an unknown god.
Things that are here:
a +6 quarterstaff; a +0 robe; the orc corpse of Blork the orc
Okay, then.
Found a hazy altar of Hepliaklqana.
Search for what [Enter for "d:3", or ? for help]? altar
There is a faded altar of an unknown god here.
You cannot tell which god this altar belongs to.
Convert to them anyway?
Okay, then.
You cannot tell which god this altar belongs to.
Convert to them anyway?
Dithmenos accepts your prayer! Dithmenos welcomes you!
You are shrouded in an aura of darkness!

*,,,,,,,,,,,,,* #..##.
*****,,,,,,,,,,,,**####...#.
*,,,,,,,,,,,,,,..###........
***,,,,,,****,,.............
**,,,,,,,* ***#.......)....
*,,,,,,,,* *.....##......
*,,,,,,,,######....#*###....
**,,,,,,,#...#....#* ##...
*,,,,,,,#.@.#...#* ##..
*,,,,,,,#...#,...## ###...
**,,#####...#####.####.....
*,,#...........#..........
*,,#.8..§#§.._.#.....#.)..
*,,#...§§§§§...#....###...
*,,#####§§§#####....#.....
*,,* #§§§#.##...........
***,** #§§§#..#...........


There were no monsters in sight!

Vanquished Creatures
  Pargi (D:3)
  Blork the orc (D:4)
  2 orc priests (D:3)
  Crazy Yiuf (D:2)
  Jessica (D:3)
  Ijyb (D:3)
  Terence (D:2)
  Robin (D:2)
  3 adders
  3 worms
  3 dart slugs
  3 orcs
  2 bats
  6 endoplasms
  A giant cockroach (D:3)
  15 goblins
  5 hobgoblins
  9 jackals
  3 kobolds
  2 quokkas (D:1)
  6 ball pythons
  5 frilled lizards
  3 rats
  A spectral goblin (D:2)
79 creatures vanquished.

Notes
Turn   | Place    | Note
-------+----------+-------------------------------------------
     0 | D:1      | Colgate the Deep Dwarf Fighter began the quest for the Orb.
     0 | D:1      | Reached XP level 1. HP: 20/20 MP: 1/1
   349 | D:1      | Reached skill level 3 in Axes
   350 | D:1      | Reached XP level 2. HP: 27/27 MP: 2/2
   982 | D:2      | Reached skill level 4 in Axes
   982 | D:2      | Reached XP level 3. HP: 24/33 MP: 3/3
   995 | D:2      | You fall into a shaft and drop 1 floor!
  1014 | D:3      | Noticed Ijyb
  1025 | D:3      | Killed Ijyb
  1026 | D:3      | Reached XP level 4. HP: 21/40 MP: 4/4
  1199 | D:3      | Reached skill level 5 in Axes
  1204 | D:3      | Noticed Pargi
  1211 | D:3      | Killed Pargi
  1212 | D:3      | Reached skill level 6 in Axes
  1212 | D:3      | Reached XP level 5. HP: 34/46 MP: 5/5
  1277 | D:3      | Found a basalt altar of Yredelemnul.
  1362 | D:2      | Reached skill level 1 in Evocations
  1369 | D:2      | Noticed Robin
  1473 | D:2      | Killed Robin
  1544 | D:2      | Noticed Terence
  1550 | D:2      | Killed Terence
  1827 | D:2      | Found a faded altar of an unknown god.
  2023 | D:2      | Found a runed translucent door.
  2024 | D:2      | Noticed Crazy Yiuf
  2042 | D:2      | Killed Crazy Yiuf
  2043 | D:2      | Reached skill level 7 in Axes
  2043 | D:2      | Reached XP level 6. HP: 50/55 MP: 6/6
  2350 | D:3      | Noticed Jessica
  2354 | D:3      | Killed Jessica
  2728 | D:4      | Noticed Blork the orc
  2745 | D:4      | Killed Blork the orc
  2746 | D:4      | Reached skill level 8 in Axes
  2746 | D:4      | Found a faded altar of an unknown god.
  2747 | D:4      | Found a hazy altar of Hepliaklqana.
  2754 | D:4      | Prayed at the altar of an unknown god.
  2754 | D:4      | Became a worshipper of Dithmenos the Shadowed
  2754 | D:4      | Reached * piety under Dithmenos
  2755 | D:4      | Quit the game

Illustrated notes

Levels and vault maps discovered:
D:1:      saegor_arrival_simple_c, layout_basic, hangedman_decor_points,
          minivault_24
D:2:      layout_loops_ring, dreamdust_ecumenical_altar_drowned_temple,
          patterned_corridor, uniq_robin, uniq_terence, uniq_crazy_yiuf_cottage
D:3:      layout_loops_ring, lemuel_doored_altar, uniq_pargi, uniq_jessica,
          uniq_ijyb
D:4:      wad_river_or_something, layout_layer_cave,
          beargit_hepliaklqana_dungeon_heroes, minmay_distorted, uniq_sigmund,
          uniq_duvessa, uniq_menkaure

Skill      XL: |  1  2  3  4  5  6 |
---------------+-------------------+-----
Axes           | 3 4 6 7 8 |  8.0
Evocations     | 1 |  1.1
Fighting       | |  2.6
Armour         | |  3.2
Shields        | |  3.2

Action                   |  1- 3 |  4- 6 || total
-------------------------+-------+-------++-------
Melee: War axe           |    81 |   130 ||   211
 Fire: Hunting sling     |       |    34 ||    34
 Abil: Heal Wounds       |       |     5 ||     5
Evoke: Wand              |       |     5 ||     5
  Use: Potion            |       |     1 ||     1
       Scroll            |       |     4 ||     4
Armor: Scale mail        |    31 |    17 ||    48
       Ring mail         |       |    27 ||    27
Dodge: Dodged            |    32 |    48 ||    80
Block: Buckler           |    18 |    22 ||    40

Table legend: (Time is in decaauts)
 A = Elapsed time spent in this place.
 B = Non-inter-level travel time spent in this place.
 C = Inter-level travel time spent in this place.
 D = Time resting spent in this place.
 E = Time spent auto-exploring this place.
 F = Levels seen in this place.
 G = Mean time per level.
                   A        B        C        D        E       F      G
               +--------+--------+--------+--------+--------+-----+--------+
         Total |   2844 |   2582 |    262 |     46 |   1826 |   4 |  711.0 |
       Dungeon |   2844 |   2582 |    262 |     46 |   1826 |   4 |  711.0 |
               +--------+--------+--------+--------+--------+-----+--------+

Top non-repeatable levels by time:
     D:1: 967 daAuts
     D:2: 889 daAuts
     D:3: 874 daAuts
     D:4: 113 daAuts
